[Event "Late-Titled-Tuesday-Blitz-October-24-2023"]
[Site "Chess.com"]
[Date "2023.10.24"]
[Round "11"]
[White "Witik"]
[Black "ellatambien"]
[Result "0-1"]
[WhiteElo "2793"]
[BlackElo "2677"]
[TimeControl "180+1"]
[EndTime "16:06:41 PDT"]
[Termination "ellatambien won on time"]

1. e4 e5 2. Nf3 Nc6 3. Bb5 Bc5 4.
O-O Qf6 5. Nc3 Nge7 6. Nd5 Qd6 7. c3 Nxd5 8. exd5 Qxd5 9. d4 Be7 10. c4 Qd6 11. d5 Nd4 12. Nxd4 exd4 13. Qxd4 Qf6 14. Qxf6 Bxf6 15. Re1+ Kd8 16. c5 d6 17. cxd6 cxd6 18. Bf4 Bxb2 19. Rab1 Be5 20. Bxe5 dxe5 21. Rxe5 a6 22.
Ba4 b5 23. Bb3 Re8 24. f4 f6 25. Rxe8+ Kxe8 26. Kf2 Kd7 27. Ke3 Kd6 28. Kd4 Bd7 29. Re1 Re8 30. Rxe8 Bxe8 31. g3 a5 32. a3 Bf7 33.
Ba2 a4 34. g4 g5 35. f5 h6 36.
h3 Bg8 37. Ke4 Bf7 38. Kd4 h5 39. Ke4 h4 40. Kd4 Be8 41. Bb1 Bd7 42. Be4 Bc8 43. Bf3 Bb7 44. Be4 b4 45. axb4 a3 46. Kc3 Ba6 47.
Kb3 Bf1 48. Kxa3 Bxh3 49. Bf3 Bf1 50. Ka4 h3 0-1

[Event "Late-Titled-Tuesday-Blitz-October-24-2023"]
[Site "Chess.com"]
[Date "2023.10.24"]
[Round "11"]
[White "The_Princess_Moon"]
[Black "Escudito"]
[Result "1/2-1/2"]
[WhiteElo "2335"]
[BlackElo "2473"]
[TimeControl "180+1"]
[EndTime "16:06:41 PDT"]
[Termination "Game drawn by repetition"]

1. e4 c5 2. Nf3 d6 3. c3 Nf6 4. h3 Nc6 5. Bd3 g5 6. Bc2 g4 7. hxg4 Bxg4 8. d4 cxd4 9. cxd4 Bxf3 10. gxf3 e5 11. d5 Nd4 12. Nc3 Be7 13. Ba4+ Nd7 14.
Be3 b5 15. Bxb5 Nxb5 16. Nxb5 Qa5+ 17. Nc3 Rb8 18. Qd2 Nc5 19. b3 Nxb3 20. axb3 Qxa1+ 21. Nd1 Rxb3 22. Qc2 Rb1 23. Qc8+ Bd8 24. Qc6+ Ke7 25. Bg5+ f6 26. Bxf6+ Kxf6 27. Qxd6+ Kf7 28. Qe6+ Kf8 29. Qf5+ Ke8 30. Qe6+ Be7 31. Qc8+ Kf7 32. Qe6+ Kf8 33. Qc8+ Kf7 34. Qe6+ Ke8 35. Qc8+ Bd8 36. Qe6+ Kf8 37. Qf5+ Ke7 38. Qe6+ Kf8 1/2-1/2

[Event "Late-Titled-Tuesday-Blitz-October-24-2023"]
[Site "Chess.com"]
[Date "2023.10.24"]
[Round "11"]
[White "Meri-Arabidze"]
[Black "ItalianMachine"]
[Result "1-0"]
[WhiteElo "2631"]
[BlackElo "2453"]
[TimeControl "180+1"]
[EndTime "16:06:47 PDT"]
[Termination "Meri-Arabidze won on time"]

1. Nf3 Nf6 2. c4 g6 3. b3 Bg7 4. Bb2 O-O 5. g3 c6 6. Bg2 d5 7. O-O Na6 8. d3 Re8 9. Nbd2 Qc7 10. Rc1 e5 11. cxd5 Nxd5 12. Nc4 f6 13. a3 Be6 14. b4 Rad8 15. Qc2 Qb8 16. Na5 Bf7 17. Nd2 f5 18. Ndb3 Ndc7 19. Nc5 Nxc5 20. bxc5 Nb5 21. e3 Rd7 22. a4 Nc7 23. Rb1 Na6 24. Ba3 Qc8 25.
Nc4 Bf8 26. Nd6 Bxd6 27. cxd6 c5 28. Rfc1 b6 29. d4 exd4 30. exd4 Rxd6 31. dxc5 bxc5 32. Qc3 Qd8 33. h4 Rd3 34. Qa1 Qd4 35. Bb2 Qg4 36. Bh8 1-0

[Event "Late-Titled-Tuesday-Blitz-October-24-2023"]
[Site "Chess.com"]
[Date "2023.10.24"]
[Round "11"]
[White "Lennis93"]
[Black "WPWPWP-2015"]
[Result "1-0"]
[WhiteElo "2762"]
[BlackElo "2597"]
[TimeControl "180+1"]
[EndTime "16:06:48 PDT"]
[Termination "Lennis93 won on time"]

1. Nf3 Nf6 2. c4 c6 3. Nc3 d5 4. e3 Bg4 5. Qb3 Qc7 6. Ne5 Be6 7. d4 Nbd7 8. f4 g6 9. cxd5 Bxd5 10. Nxd5 Nxd5 11. Bc4 e6 12. Bd2 Nxe5 13. fxe5 Be7 14. Rc1 Qb6 15. O-O Qxb3 16. Bxb3 Bg5 17. Kf2 O-O 18. Ke2 Be7 19. e4 Nc7 20. Rc3 Nb5 21. Rd3 Rad8 22. d5 cxd5 23. exd5 exd5 24. Bh6 Nc7 25. Bxf8 Bxf8 26. Rfd1 Re8 27. Bxd5 Rxe5+ 28. Kf1 b6 29. Bc4 Rc5 30. Bb3 Rf5+ 31. Rf3 Rxf3+ 32.
gxf3 Bg7 33. Rd7 Be5 34. Rxf7 Kh8 35. f4 Bd6 36. Kg2 Nb5 37. Bc4 Nd4 38. Rxa7 Nf5 39. Kf3 h5 40. Bd3 Nd4+ 41. Ke3 Ne6 42. Bxg6 Bxf4+ 43. Ke4 Bxh2 44. Bxh5 Nc5+ 45. Kd5 Bg1 46. Bg6 Kg8 47.
Bf5 b5 48. Ra5 Na4 49. Rxb5 Kf8 50. Kc6 1-0

[Event "Late-Titled-Tuesday-Blitz-October-24-2023"]
[Site "Chess.com"]
[Date "2023.10.24"]
[Round "11"]
[White "YellowJacek"]
[Black "HajiyevKanan"]
[Result "0-1"]
[WhiteElo "2327"]
[BlackElo "2508"]
[TimeControl "180+1"]
[EndTime "16:06:51 PDT"]
[Termination "HajiyevKanan won by resignation"]

1. c4 Nf6 2. g3 c6 3. Bg2 d5 4. Nf3 g6 5. O-O Bg7 6. cxd5 cxd5 7. d4 O-O 8. Ne5 Nbd7 9. Bf4 Nxe5 10. Bxe5 Qb6 11.
Qb3 Qxb3 12. axb3 e6 13. Nc3 Bd7 14. Ra5 Rfc8 15. Rfa1 a6 16. b4 Ne8 17. Bxg7 Kxg7 18. b5 Nc7 19. bxa6 bxa6 20. e3 Rab8 21. R1a2 Rb4 22.
Rc5 Nb5 23. Na4 Rb8 24. Bf1 Nxd4 25. Nc3 Nf3+ 26. Kg2 Ne1+ 27. Kg1 Rxb2 28. Rxb2 Rxb2 29. Bxa6 Rc2 30. Kf1 Nf3 31. Kg2 Nd2 32. Rc7 Ba4 33.
Ne2 Rxc7 0-1

[Event "Late-Titled-Tuesday-Blitz-October-24-2023"]
[Site "Chess.com"]
[Date "2023.10.24"]
[Round "11"]
[White "Hirna2005"]
[Black "Tunahan_Makaraci"]
[Result "0-1"]
[WhiteElo "2301"]
[BlackElo "2413"]
[TimeControl "180+1"]
[EndTime "16:06:57 PDT"]
[Termination "Tunahan_Makaraci won by resignation"]

1. e4 Nf6 2. e5 Nd5 3. Nf3 d6 4. d4 Nb6 5. Be2 g6 6. O-O Bg7 7. Bf4 O-O 8. Bd3 Nc6 9. exd6 cxd6 10. c3 Bg4 11. h3 Bxf3 12. Qxf3 e5 13. dxe5 dxe5 14.
Bg3 f5 15. Rd1 e4 16. Bc4+ Nxc4 17. Qe2 Qe7 18. Qxc4+ Qf7 19. Qxf7+ Rxf7 20. Na3 f4 21. Bh2 g5 22. Nc4 Re7 23. Nd6 Rd8 24. Nf5 Red7 25. Rxd7 Rxd7 26. h4 h6 27. hxg5 hxg5 28. Kf1 Rd5 29.
Nxg7 Kxg7 30. Ke2 Kg6 31. Bg1 Kf5 32. Rd1 Rxd1 33. Kxd1 f3 34. gxf3 exf3 35. Bh2 Ke4 36. Kd2 b5 37. Bd6 g4 38. b3 Nd8 39. Bb8 a6 40. Bd6 Nf7 41. Bg3 Ng5 42. a3 Ne6 43. a4 bxa4 44. bxa4 Nc5 45. a5 Nb3+ 46. Kc2 Nxa5 47.
Bc7 Nc4 48. Bg3 a5 49. Kb3 Kd3 50. Bf4 Nd2+ 51. Bxd2 Kxd2 52. c4 g3 53. fxg3 f2 54.
c5 f1=Q 55. c6 Qb5+ 56. Ka3 Kc3 0-1

[Event "Late-Titled-Tuesday-Blitz-October-24-2023"]
[Site "Chess.com"]
[Date "2023.10.24"]
[Round "11"]
[White "Gyulamiryan-koryun"]
[Black "Maluco_do_Natal_00"]
[Result "0-1"]
[WhiteElo "1913"]
[BlackElo "2037"]
[TimeControl "180+1"]
[EndTime "16:07:03 PDT"]
[Termination "Maluco_do_Natal_00 won by resignation"]

1. e4 c5 2. Nf3 Nc6 3. d4 cxd4 4. Nxd4 Nf6 5. Nc3 e5 6. Ndb5 d6 7. Bg5 a6 8. Na3 b5 9. Nd5 Be7 10. Bxf6 Bxf6 11. c3 O-O 12. Nc2 Bg5 13. f3 Be6 14.
Nce3 Bxe3 15. Nxe3 Ne7 16. Be2 f5 17. O-O Qb6 18.
Qd3 f4 19. Rad1 Bc4 20. Qd2 fxe3 21. Qxd6 Qxd6 22. Bxc4+ bxc4 23. Rxd6 Rfd8 24. Rfd1 Rxd6 25. Rxd6 Rb8 26. Rxa6 Rxb2 27. Kf1 Rf2+ 28. Kg1 Rc2 29. Kf1 Rxc3 30. Ke2 Kf7 31. a4 h5 32. h4 Rc2+ 33. Kxe3 Rxg2 34. a5 Ra2 35. Ra7 Kf6 36. Rc7 Rxa5 37.
Rxc4 Ng6 38. Rc6+ Kf7 39. Rc7+ Kg8 40. Rc8+ Kh7 41. Rc3 Nf4 42. Rb3 Ra2 0-1

[Event "Late-Titled-Tuesday-Blitz-October-24-2023"]
[Site "Chess.com"]
[Date "2023.10.24"]
[Round "11"]
[White "Karttunen"]
[Black "victormago"]
[Result "1-0"]
[WhiteElo "2575"]
[BlackElo "2423"]
[TimeControl "180+1"]
[EndTime "16:07:05 PDT"]
[Termination "Karttunen won on time"]

1. e4 c5 2. Nf3 d6 3. d4 cxd4 4. Nxd4 Nf6 5. Nc3 a6 6. f3 e5 7. Nb3 Be6 8. Be3 Be7 9. Qd2 O-O 10. O-O-O a5 11. Bb5 Na6 12. a4 Nc7 13. Bb6 Qb8 14.
Bxc7 Qxc7 15. Kb1 Rfd8 16. Nd5 Nxd5 17. exd5 Bf5 18. g4 Bg6 19. Rc1 Rdc8 20. h4 h6 21. Rh2 Qb6 22. Ka2 Rc7 23. c3 Rac8 24. Qe2 Bf6 25. c4 Bd8 26. f4 Re7 27. f5 Bh7 28. Rf1 Rec7 29. Nd2 Qc5 30. Ne4 Qb4 31. b3 f6 32. Qd2 Qxd2+ 33. Rxd2 Be7 34. Rg2 Kh8 35.
g5 1-0

[Event "Late-Titled-Tuesday-Blitz-October-24-2023"]
[Site "Chess.com"]
[Date "2023.10.24"]
[Round "11"]
[White "karinachess1"]
[Black "ATM622"]
[Result "0-1"]
[WhiteElo "2615"]
[BlackElo "2450"]
[TimeControl "180+1"]
[EndTime "16:07:08 PDT"]
[Termination "ATM622 won by resignation"]

1. d4 Nf6 2. c4 e6 3. Nc3 d5 4. cxd5 exd5 5. Bg5 Be7 6. e3 O-O 7. Bd3 h6 8. Bh4 c6 9. Nge2 Bg4 10. h3 Bh5 11. Qc2 g5 12. Bg3 Kg7 13. Be5 Bg6 14.
Ng3 Nd7 15. h4 Nxe5 16. dxe5 Ng4 17. hxg5 hxg5 18. Nf5+ Bxf5 19. Bxf5 Rh8 20. O-O-O Nxe5 21. Rxh8 Qxh8 22. f4 Nc4 23. Qd3 gxf4 24. exf4 Bd6 25. g3 Kg8 26. Qf3 Qh2 27. Bc2 Re8 28. Rh1 Qd2+ 29. Kb1 Re1+ 30. Rxe1 Qxe1+ 31. Qd1 Qxg3 32. Qd3 Qxd3 33. Bxd3 Nd2+ 34. Kc2 Bxf4 35. Ne2 Bh6 36. Ng3 Nc4 37. Nf5 Bf8 38. b3 Nd6 39. Nd4 c5 40.
Ne2 f5 41. Nf4 d4 42. Kd1 Kf7 43.
Ke2 Kf6 44. a4 Bh6 45. Ng2 a6 46. Kf3 b5 47. axb5 axb5 48. Ne1 c4 49. bxc4 bxc4 50.
Bf1 Bd2 51. Nc2 Bc3 52. Na3 d3 53. Ke3 Bb2 54. Nxc4 Nxc4+ 55. Kxd3 Nd6 56. Bh3 f4 57. Kc2 Bd4 58. Kd3 Be3 59. Ke2 Ne4 60. Kf3 Ng5+ 61. Kg4 Nxh3 62. Kh5 f3 63. Kg4 f2 64. Kh4 f1=Q 0-1

[Event "Late-Titled-Tuesday-Blitz-October-24-2023"]
[Site "Chess.com"]
[Date "2023.10.24"]
[Round "11"]
[White "IgorBjelobrk"]
[Black "Mykola-Bortnyk"]
[Result "1-0"]
[WhiteElo "2620"]
[BlackElo "2909"]
[TimeControl "180+1"]
[EndTime "16:07:09 PDT"]
[Termination "IgorBjelobrk won on time"]

1. d4 Nf6 2. c4 e6 3. g3 d5 4. Nf3 dxc4 5. Bg2 Bd7 6. Ne5 Bc6 7. Nxc6 Nxc6 8. e3 Qd7 9. Nd2 e5 10. O-O exd4 11. Nxc4 d3 12. Qb3 O-O-O 13. Bd2 Nd5 14. Rac1 Nb6 15. Rfd1 Qe6 16. Nxb6+ axb6 17. Qa4 Rd5 18.
Bxd5 Qxd5 19. Qa8+ Nb8 20. e4 Qb5 21. Bf4 Bc5 22. b4 Qxb4 23. Rxd3 Qxe4 24. Rcd1 Qe7 25. Be3 Re8 26. a4 Bb4 27. Bf4 g5 28. Be3 f5 29.
Rc1 c5 30. a5 Bxa5 31. Bxc5 bxc5 32. Qxa5 Na6 33. Rcd1 Qc7 34. Qd2 f4 35. Rd7 Qb6 36. Qd3 fxg3 37. hxg3 Kb8 38. Qxh7 Nb4 39. Re7 Rc8 40.
Rdd7 Ka8 41. Rxb7 1-0

[Event "Late-Titled-Tuesday-Blitz-October-24-2023"]
[Site "Chess.com"]
[Date "2023.10.24"]
[Round "11"]
[White "NikolaGry"]
[Black "Beca95"]
[Result "0-1"]
[WhiteElo "2735"]
[BlackElo "2920"]
[TimeControl "180+1"]
[EndTime "16:07:15 PDT"]
[Termination "Beca95 won on time"]

1. d4 Nf6 2. Nf3 e6 3. c4 c5 4.
d5 d6 5. Nc3 exd5 6. cxd5 g6 7.
e4 a6 8. a4 Bg4 9. Be2 Bxf3 10. Bxf3 Nbd7 11. Bf4 Qe7 12. O-O Bg7 13. Re1 O-O 14. Qc2 h5 15. h3 Nh7 16. Qb3 Rab8 17.
a5 Bd4 18. Ne2 Be5 19. Bh6 b5 20. axb6 Rxb6 21. Bxf8 Kxf8 22. Qc4 Ng5 23. Rxa6 Rxb2 24. Ra3 Kg7 25. Qc1 Rb4 26. Ra7 Qd8 27. Kh1 Nxf3 28. gxf3 Qh4 29. Kg2 Nf6 30. Qe3 c4 31. Rc1 Rb3 32. Nc3 Bf4 33. Qd4 Qg5+ 34. Kf1 Bxc1 35. Qxc4 Ra3 36. Rxa3 Bxa3 37. Nb5 Bc5 38. Ke2 Qe5 39.
Nc3 h4 40. Nd1 Nh5 41. Ne3 Nf4+ 42. Kd2 Qb2+ 0-1

[Event "Late-Titled-Tuesday-Blitz-October-24-2023"]
[Site "Chess.com"]
[Date "2023.10.24"]
[Round "11"]
[White "GoltsevDmitry2000"]
[Black "balachess2006"]
[Result "1-0"]
[WhiteElo "2651"]
[BlackElo "2566"]
[TimeControl "180+1"]
[EndTime "16:07:15 PDT"]
[Termination "GoltsevDmitry2000 won by resignation"]

1. e4 c5 2. Nf3 Nc6 3. d4 cxd4 4.
Nxd4 Nf6 5. Nc3 d6 6. Be2 g6 7. O-O Bg7 8. Be3 O-O 9. Nb3 a5 10. a4 Be6 11. Nd4 Nxd4 12. Bxd4 Nd7 13. f4 Bxd4+ 14. Qxd4 Qb6 15. Qxb6 Nxb6 16. f5 Bd7 17. f6 exf6 18. Rxf6 Be6 19. Rd1 Rad8 20. b3 Rc8 21. Nd5 Bxd5 22. exd5 Rxc2 23. Bd3 Rc5 24. Rxd6 Rxd5 25.
Rxb6 Rfd8 26. Rxb7 Rxd3 27. Rf1 Rf8 28. Rb5 Rc8 29.
Rb7 Rf8 30. Rf3 Rxf3 31. gxf3 Rc8 32. Rb5 Rc3 33. Kf2 Kg7 34. f4 f5 35. Ke2 Kh6 36. Kd2 Rh3 37. Kc2 Rxh2+ 38. Kc3 Rh3+ 39. Kc2 Rf3 40. Rxa5 Rxf4 41. Rb5 Kg5 42. a5 Rf2+ 43. Kb1 Rf1+ 44. Kb2 Rf2+ 45. Kb1 Rf1+ 46. Kb2 Rf2+ 47. Ka3 Rf1 48. Rc5 h5 49. Kb2 Re1 50. a6 Re6 51.
Ra5 Re8 52. a7 Ra8 53. b4 h4 54. b5 h3 55. b6 h2 56. Ra1 Kg4 57. Rh1 Kg3 58. b7 1-0

[Event "Late-Titled-Tuesday-Blitz-October-24-2023"]
[Site "Chess.com"]
[Date "2023.10.24"]
[Round "11"]
[White "sergeikim"]
[Black "jk13"]
[Result "1-0"]
[WhiteElo "2611"]
[BlackElo "2660"]
[TimeControl "180+1"]
[EndTime "16:07:18 PDT"]
[Termination "sergeikim won by resignation"]

1. d4 Nf6 2. c4 e6 3. Nc3 Bb4 4. Qc2 O-O 5. a3 Bxc3+ 6. Qxc3 d5 7. Nf3 dxc4 8. Qxc4 b6 9. g3 Ba6 10. Qc2 Nbd7 11.
Qc6 Rb8 12. Bg2 Bb7 13. Qa4 Be4 14. O-O c5 15. Rd1 Qc8 16. Bf4 Rb7 17. Rac1 Qa8 18. Bd6 Rc8 19. dxc5 bxc5 20. b4 Nb6 21. Qa5 cxb4 22.
Bxb4 Nbd5 23. h3 h6 24. Be1 Rxc1 25. Rxc1 Qb8 26. Kh2 Rb2 27. Qa6 Qb6 28. Qc8+ Kh7 29.
Bf1 Bxf3 30. exf3 Rxf2+ 31. Bxf2 Qxf2+ 32. Bg2 Ne3 33. Rg1 Nfd5 34. Qb8 h5 35. h4 g6 36. Qb7 Kg7 37. Qb1 Nf5 38. Qe1 Qc2 39. Qe5+ Kg8 40.
Re1 Qb3 41. Re2 Nde3 42. Rb2 f6 43. Qxf6 Nxg3 44. Rxb3 1-0

[Event "Late-Titled-Tuesday-Blitz-October-24-2023"]
[Site "Chess.com"]
[Date "2023.10.24"]
[Round "11"]
[White "NateSolon"]
[Black "cassoulet"]
[Result "1-0"]
[WhiteElo "2692"]
[BlackElo "2784"]
[TimeControl "180+1"]
[EndTime "16:07:19 PDT"]
[Termination "NateSolon won by checkmate"]

1. d4 Nf6 2. Bf4 g6 3. Nf3 Bg7 4. e3 O-O 5. Be2 d6 6. h3 Nbd7 7. O-O c5 8. c3 a6 9. a4 b6 10.
Bh2 Bb7 11. Na3 Qc7 12. Nd2 Rac8 13. Bf3 Rfd8 14. Nac4 cxd4 15. exd4 b5 16. axb5 axb5 17. Na5 Bxf3 18. Qxf3 b4 19. c4 Nf8 20. d5 N6d7 21. Nc6 Re8 22. Ra7 Qb6 23. Ra2 Nc5 24. b3 e5 25. Ne4 Nxe4 26. Qxe4 Nd7 27. Kh1 Nc5 28. Qc2 Ra8 29. f3 f5 30. Bg1 h6 31. Rfa1 Rxa2 32. Rxa2 e4 33. fxe4 Rxe4 34. Ra8+ Kh7 35. Ra7 Re1 36. Qf2 Rd1 37. Kh2 Kh8 38. Ra8+ Kh7 39. Ra7 Kh8 40. Qe3 Be5+ 41. g3 f4 42. gxf4 Rxg1 43.
Kxg1 Bg7 44. Kg2 Kh7 45. Qe7 Nd7 46. Rxd7 Qd4 47. Nxd4 h5 48. Qxg7# 1-0

[Event "Late-Titled-Tuesday-Blitz-October-24-2023"]
[Site "Chess.com"]
[Date "2023.10.24"]
[Round "11"]
[White "Willi_Skibbe"]
[Black "C_K_G"]
[Result "0-1"]
[WhiteElo "2186"]
[BlackElo "1947"]
[TimeControl "180+1"]
[EndTime "16:07:20 PDT"]
[Termination "C_K_G won on time"]

1. f4 d5 2. Nf3 c5 3. g3 Nc6 4.
Bg2 Nf6 5. O-O Bg4 6. d3 e6 7.
c3 d4 8. Na3 Be7 9. Nc4 O-O 10.
Nfe5 Nxe5 11. Nxe5 Rb8 12. h3 Bf5 13. g4 Bg6 14. c4 Bd6 15. Nxg6 hxg6 16. f5 exf5 17. gxf5 gxf5 18. Rxf5 Qd7 19. Rf1 Rfe8 20. Bg5 Nh5 21. e4 Ng3 22. Rf3 Re6 23. h4 Rg6 24. Qe1 f6 25.
Bf4 Nh5 26. Bd2 Qg4 27. Qf2 Bg3 28. Qe2 Bxh4 29. Kf1 Ng3+ 30. Rxg3 Qxg3 31. Kg1 Re8 32. Rf1 Re5 33. Bf4 Qh3 34. Bxe5 fxe5 35. Qf3 Qe6 36.
Qf8+ Kh7 37. Rf5 Bg5 38. Kf1 Be3 39. Bh3 Rg1+ 40. Ke2 Qg6 0-1

[Event "Late-Titled-Tuesday-Blitz-October-24-2023"]
[Site "Chess.com"]
[Date "2023.10.24"]
[Round "11"]
[White "AsselLesbekova"]
[Black "Mikhal867"]
[Result "0-1"]
[WhiteElo "2309"]
[BlackElo "2442"]
[TimeControl "180+1"]
[EndTime "16:07:22 PDT"]
[Termination "Mikhal867 won by resignation"]

1. e4 g6 2. d4 Bg7 3. Nc3 d6 4. Bg5 h6 5. Bf4 g5 6. Bg3 Nc6 7. Nge2 Nf6 8. h4 Nh5 9. hxg5 hxg5 10. Qd2 Nxg3 11. Rxh8+ Bxh8 12. fxg3 e5 13. d5 Nd4 14. Nxd4 exd4 15. Ne2 Qe7 16. O-O-O Qxe4 17. Nxd4 Qxd4 18. Qxd4 Bxd4 19. Rxd4 Bd7 20. Re4+ Kf8 21. Bc4 Re8 22.
Rxe8+ Bxe8 23. Kd2 Kg7 24. g4 Bd7 25. Be2 Kf6 26.
Ke3 Ke5 27. Bf3 b5 28. b3 b4 29.
g3 Bb5 30. Bg2 a5 31. Bf3 Ba6 32. Be4 Bb7 33. Bf5 Bxd5 34. Kd3 c5 35. c3 Bb7 36.
Bd7 Ba6+ 37. c4 d5 38. Be8 dxc4+ 39. bxc4 Bc8 40. Bxf7 Bxg4 41. Kc2 Be6 42. Bxe6 Kxe6 43. Kb3 Ke5 44. Ka4 Kd4 45. Kb5 a4 46. Kxa4 Kxc4 47. g4 Kc3 48. Kb5 c4 49. Kc5 b3 50. Kd5 bxa2 0-1

[Event "Late-Titled-Tuesday-Blitz-October-24-2023"]
[Site "Chess.com"]
[Date "2023.10.24"]
[Round "11"]
[White "Alex_Sahakyan2006"]
[Black "Grischuk"]
[Result "1-0"]
[WhiteElo "2796"]
[BlackElo "2977"]
[TimeControl "180+1"]
[EndTime "16:07:23 PDT"]
[Termination "Alex_Sahakyan2006 won by resignation"]

1. e4 c5 2. Nf3 d6 3. Bb5+ Nd7 4. a4 Nf6 5. Nc3 g6 6. O-O Bg7 7. d4 cxd4 8. Qxd4 O-O 9. Rd1 a6 10. Be2 Qc7 11. Qb4 b6 12. h3 Bb7 13. Be3 Nc5 14.
e5 a5 15. Qh4 dxe5 16. Nb5 Qc6 17. Bf1 Nd5 18. Bh6 Bxh6 19. Qxh6 f6 20. Bc4 e6 21.
Nh4 Rf7 22. Ra3 Raf8 23. Rg3 Rg7 24. Nf5 Rd7 25. Nbd6 exf5 26. Bxd5+ Qxd5 27. Rxd5 Bxd5 28. Nxf5 Be4 29. Ne3 f5 30. Nc4 f4 31. Rg5 f3 32.
Nxe5 Rd1+ 33. Kh2 fxg2 34. Rxg2 Bxg2 35. Kxg2 Rd6 36. Ng4 Rd5 37. Qe3 h5 38. Nh6+ Kg7 39.
Qe7+ Kxh6 40. Qxf8+ Kg5 41. h4+ Kg4 42. Qf3+ 1-0

[Event "Late-Titled-Tuesday-Blitz-October-24-2023"]
[Site "Chess.com"]
[Date "2023.10.24"]
[Round "11"]
[White "venturov"]
[Black "NotFischer"]
[Result "0-1"]
[WhiteElo "2459"]
[BlackElo "2259"]
[TimeControl "180+1"]
[EndTime "16:07:24 PDT"]
[Termination "NotFischer won on time"]

1. e4 d5 2. exd5 Qxd5 3. Nf3 Bg4 4. Be2 Nc6 5. d4 O-O-O 6. c4 Qa5+ 7. Bd2 Qb6 8. d5 Bxf3 9. Bxf3 Ne5 10. Be3 Qxb2 11. Bd4 Nxf3+ 12. gxf3 Qb4+ 13. Nd2 e6 14. Rb1 Qa5 15.
O-O Nf6 16. Nb3 Qa6 17. Qc2 exd5 18. cxd5 Nxd5 19. Nc5 Bxc5 20. Bxc5 Kb8 21. Kh1 Qc6 22. Rfc1 Nf6 23. Qb3 Qd5 24. Qa3 b6 25. Be7 Rd7 26. Rd1 Qe6 27. Re1 Qc6 28. Rbc1 Qb7 29. Bxf6 gxf6 30.
Re3 Rhd8 31. Kg2 c5 32. Qc3 Rd4 33. Qc2 Rg8+ 34. Kf1 Qc7 35. Qf5 Qxh2 36. Ke2 Qd6 37. Rc2 Rd1 38. Qxh7 Rgg1 39. f4 Rge1+ 40. Kf3 Qd5+ 41.
Kg3 Rg1+ 0-1

[Event "Late-Titled-Tuesday-Blitz-October-24-2023"]
[Site "Chess.com"]
[Date "2023.10.24"]
[Round "11"]
[White "Nf3c5"]
[Black "tteshan"]
[Result "0-1"]
[WhiteElo "2623"]
[BlackElo "2543"]
[TimeControl "180+1"]
[EndTime "16:07:25 PDT"]
[Termination "tteshan won on time"]

1. e4 c5 2. Nf3 Nc6 3. Nc3 g6 4. h4 Bg7 5. h5 d6 6. Bc4 e6 7. d3 Nge7 8. a3 a6 9. Ba2 b5 10. Rb1 Bb7 11. Bf4 Nd4 12. Nh2 gxh5 13. Bg5 Qc7 14. Ne2 Ng6 15. c3 Nxe2 16. Qxe2 h6 17. Bd2 O-O-O 18. Nf3 d5 19. g3 dxe4 20. dxe4 Qc6 21.
Rd1 Qxe4 22. Qxe4 Bxe4 23. Ke2 Bd3+ 24. Ke1 Bc2 25. Rc1 Be4 26. Ke2 Bxf3+ 27. Kxf3 Rxd2 28. Bb1 Rhd8 29. Rxh5 Ne5+ 30. Kg2 Rxb2 31. Be4 Rdd2 32. Rf1 Kd7 33. a4 Ng4 34. Kf3 f5 35. Bxf5 exf5 36. Rxf5 Nh2+ 37. Kg2 Nxf1 38. Kxf1 bxa4 39. Rf7+ Ke6 40.
Rxg7 a3 41. Rg6+ Kd5 42. Rxa6 Rb1+ 43. Kg2 a2 44. Ra4 a1=Q 45. c4+ Kd4 0-1

[Event "Late-Titled-Tuesday-Blitz-October-24-2023"]
[Site "Chess.com"]
[Date "2023.10.24"]
[Round "11"]
[White "gahryman"]
[Black "jcibarra"]
[Result "1-0"]
[WhiteElo "2703"]
[BlackElo "2895"]
[TimeControl "180+1"]
[EndTime "16:07:27 PDT"]
[Termination "gahryman won on time"]

1. e4 Nc6 2. Nf3 d6 3. d4 Nf6 4. d5 Nb8 5. Nc3 g6 6. h3 Bg7 7. Be2 O-O 8. O-O c6 9. Re1 Nbd7 10. Bf1 Nc5 11. Bg5 cxd5 12. exd5 h6 13. Bf4 Bf5 14. Qd2 g5 15. Be3 Rc8 16. Bd4 a6 17.
Re3 Re8 18. Rae1 b5 19. a3 Ncd7 20. Bd3 Bxd3 21. Qxd3 Rc4 22. a4 Nc5 23. Bxc5 Rxc5 24. axb5 axb5 25. Nd4 b4 26. Ne4 Rxd5 27. c4 bxc3 28.
Nxc3 Rc5 29. Nf5 Bf8 30. b4 Rxc3 31. Qxc3 Nd5 32. Qc6 Nxe3 33. Rxe3 e6 34. b5 Qc8 35. Nd4 Bg7 36. Qxc8 Rxc8 37. Nc6 Rc7 38. Rb3 Rb7 39. b6 Be5 40. Na5 Rb8 41. b7 d5 42. Nc6 1-0

[Event "Late-Titled-Tuesday-Blitz-October-24-2023"]
[Site "Chess.com"]
[Date "2023.10.24"]
[Round "11"]
[White "MatthewG-p4p"]
[Black "Dacean99"]
[Result "1-0"]
[WhiteElo "2897"]
[BlackElo "2599"]
[TimeControl "180+1"]
[EndTime "16:07:29 PDT"]
[Termination "MatthewG-p4p won by checkmate"]

1. e4 e6 2. d4 d5 3. e5 c5 4. c3 Nc6 5. Nf3 Qb6 6. a3 Nh6 7. Bd3 Nf5 8. dxc5 Bxc5 9. O-O O-O 10. Bxf5 exf5 11. b4 Be7 12. Re1 Be6 13. Nbd2 Rad8 14. Nb3 a5 15. Nbd4 Nxd4 16. Nxd4 Rc8 17. Bd2 axb4 18.
axb4 Rc4 19. Qf3 g6 20. Qg3 Rfc8 21. h4 h5 22. Re3 Rxd4 23. cxd4 Qxd4 24. Bc3 Qxh4 25.
Qxh4 Bxh4 26. Ra7 Rc4 27. Rd3 Rc7 28. g3 Be7 29. b5 Bc5 30. Ra8+ Kg7 31. Bd4 Bxd4 32.
Rxd4 Rc5 33. Rb4 d4 34. f4 d3 35. Rd8 Bd5 36. Kf2 Bc4 37. b6 Ba6 38. Rd7 Kf8 39. Rbd4 Rc2+ 40. Ke3 Re2+ 41. Kf3 Rb2 42. e6 fxe6 43.
Rc7 Ke8 44. Rdd7 d2 45. Ke3 d1=Q 46. Rxd1 Re2+ 47. Kf3 Re4 48. Rdd7 Be2+ 49. Kf2 Ba6 50. Rh7 Kd8 51. Rcd7+ Kc8 52. Rc7+ Kd8 53. Rh8# 1-0

[Event "Late-Titled-Tuesday-Blitz-October-24-2023"]
[Site "Chess.com"]
[Date "2023.10.24"]
[Round "11"]
[White "JackRodgers"]
[Black "KNVB"]
[Result "1/2-1/2"]
[WhiteElo "2549"]
[BlackElo "2689"]
[TimeControl "180+1"]
[EndTime "16:07:33 PDT"]
[Termination "Game drawn by repetition"]

1. d4 Nf6 2. Bg5 d5 3. Bxf6 exf6 4. e3 Bd6 5. g3 c6 6. Bg2 f5 7. Ne2 Nd7 8. b3 Nf6 9. c4 Bb4+ 10. Kf1 O-O 11.
a3 Ba5 12. b4 Bc7 13. c5 Ne4 14.
a4 b6 15. Nbc3 bxc5 16. dxc5 Be5 17. Rc1 Ba6 18. b5 Bxc3 19. bxa6 Be5 20. Nd4 Bxd4 21. Qxd4 Rb8 22. Bxe4 fxe4 23. Kg2 Qa5 24. Rb1 Qxa6 25.
Qe5 Rb7 26. h4 h6 27. h5 Rxb1 28. Rxb1 Qxa4 29. Rb7 a5 30. Ra7 Qb5 31. Qc7 Qe2 32. Qxc6 Qf3+ 33. Kg1 Qd1+ 34. Kg2 Qf3+ 35. Kg1 Qxh5 36.
Rxa5 Qd1+ 37. Kg2 Qf3+ 38. Kg1 Qd1+ 39. Kg2 Qf3+ 40. Kg1 d4 41. exd4 Qd1+ 42. Kg2 Qf3+ 43. Kg1 Qd1+ 44. Kg2 Qd2 45. Ra8 Qxd4 46. Rxf8+ Kxf8 47. Qc8+ Ke7 48. c6 e3 49. Qc7+ Ke6 50. fxe3 Qe4+ 51.
Kf2 Qc2+ 52. Kf3 Qd1+ 53. Kf2 Qc2+ 54. Kf3 Qd1+ 55. Kf2 Qc2+ 1/2-1/2

[Event "Late-Titled-Tuesday-Blitz-October-24-2023"]
[Site "Chess.com"]
[Date "2023.10.24"]
[Round "11"]
[White "PushingpawnsNYC"]
[Black "jaskol95"]
[Result "0-1"]
[WhiteElo "2371"]
[BlackElo "2563"]
[TimeControl "180+1"]
[EndTime "16:07:36 PDT"]
[Termination "jaskol95 won by checkmate"]

1. e4 d5 2. exd5 Nf6 3. Nc3 Nxd5 4. Qf3 Nf6 5. Bc4 Nc6 6. Bb5 Bd7 7. Nge2 e5 8. d3 a6 9. Bxc6 Bxc6 10. Qg3 Bd6 11. Bg5 Qe7 12. O-O-O O-O-O 13. Qh4 Bxg2 14. Rhg1 Bc6 15. Ne4 Bxe4 16. dxe4 Qe6 17. Bxf6 gxf6 18. Nc3 f5 19. f3 fxe4 20. fxe4 c6 21. a3 Bc5 22. Rge1 Bd4 23. Rd3 Bxc3 24. bxc3 Rxd3 25. cxd3 Qb3 26. Kd2 Qb2+ 27. Ke3 Qxc3 28. Rf1 Rd8 29. Rd1 Qxa3 30. Qxh7 Qc5+ 31. Ke2 Qd6 32. Qxf7 a5 33. h4 a4 34. h5 Qd4 35. Qf5+ Kb8 36. h6 a3 37. Rd2 Rg8 38. Qh3 Rf8 39. Qg2 Qd7 40.
d4 exd4 41. Qg3+ Ka8 42. Qg6 Qe7 43. Kd3 Re8 44. Re2 Rd8 45. Qg7 Qc5 46. h7 Qc3# 0-1